cohdb
Replays
Latest Replays
All Replays
Popular Replays
Top Player Replays
Match Explorer
How It Works
Community
CoH3 Stats
Reddit
Sign in to upload your games and track your stats! →
Sign in with Steam
Match 43979193
Unlisted
Match 43979193
Overview
Messages
Build Orders
End
Selects Luftwaffe Battlegroup
Selects Luftwaffe Pioneer Support
Fallschirmpioneer Squad Paradrop
Construct Infanterie Kompanie
GrW 34 Mortar Team
Fallschirmpioneer Squad Paradrop
Infanterie Officer Quarters
Selects Stuka Strafing Run
Stuka Strafing Run
Fallschirmpioneer Squad Paradrop
Construct Panzergrenadier Kompanie
Selects Flak 38 Anti-Air Emplacement
Stuka Strafing Run
Construct Panzer Kompanie
Stoßtruppen Squad
Selects Infantry Reserves
Stuka Strafing Run
Panzer IV Medium Tank
波菜
MrGlaucus
优势
Oier
Frost233233
Take care of yourself
Michty Action X
Bruckley
0
0
Comments
sign in to comment!
No comments posted yet!